 Dungeon Crawl Stone Soup version 0.31-a0-986-g5e6e4ef867 (webtiles) character file.

Game seed: 7507341064695330990

730 BlueFish the Sneak (level 7, -2/46 HPs)
             Began as an Octopode Shapeshifter on Nov 13, 2023.
             Succumbed to Edmund's poison
             ... on level 6 of the Dungeon.
             The game lasted 00:09:59 (4378 turns).

BlueFish the Sneak (Octopode Shapeshifter)          Turns: 4378, Time: 00:09:59

Health: -2/46      AC:  1    Str: 16    XL:     7   Next: 73%
Magic:  7/7        EV: 13    Int: 18    God:
Gold:   175        SH:  4    Dex: 11    Spells: 6/6 levels left

rFire   . .          .
                       - Unarmed
rCold   . . .        A - +0 buckler
rNeg    . . .        (helmet currently unavailable)
rPois   .            (no amulet)
rElec   .            f - +4 ring of slaying
rCorr   .            o - ring of flight
SInv    .            r - +6 ring of intelligence
Will    .....        (no ring)
Stlth   ++++         (no ring)
HPRegen 0.27/turn    (no ring)
MPRegen 0.10/turn    (no ring)
                     (no ring)

%: no passive effects
@: lethally poisoned (-2 -> -19), beast-form, attractive, flying
A: beast (slay +2), almost no armour, amphibious, 8 rings, camouflage 1,
gelatinous body 1, (nimble swimmer 1), tentacles, tentacle spike 1, wild magic 1
a: Begin Untransformation


You were on level 6 of the Dungeon.
You were a hulking beast.
You visited 1 branch of the dungeon, and saw 6 of its levels.

You collected 224 gold pieces.
You spent 49 gold pieces at shops.

Inventory:

Missiles
 i - 77 stones (quivered)
Armour
 A - a +0 buckler (worn)
Jewellery
 f - a +4 ring of slaying (left tentacle)
 o - a ring of flight (right tentacle)
 r - a +6 ring of intelligence (on tentacle)
Talismans
 b - a beast talisman
 c - a flux talisman
 j - a blade talisman
Wands
 n - a wand of iceblast (12)
 u - a wand of flame (4)
Scrolls
 e - 4 scrolls of teleportation
 h - a scroll of blinking {unknown}
 k - a scroll of noise {unknown}
 l - 3 scrolls of identify {unknown}
 m - 3 scrolls of immolation {unknown}
 w - a scroll of summoning {unknown}
 x - a scroll of vulnerability {unknown}
 y - 2 scrolls of enchant armour {unknown}
 z - a scroll of acquirement {unknown}
Potions
 a - 2 potions of lignification
 d - a potion of curing {unknown}
 g - a potion of cancellation {unknown}
 p - a potion of haste {unknown}
 q - a potion of mutation
 s - 3 potions of attraction
 t - 2 potions of might {unknown}
 v - 2 potions of degeneration {unknown}


   Skills:
 + Level 3.0 Fighting
 + Level 3.5 Dodging
 + Level 5.7 Stealth
 * Level 1.2 Shields
 + Level 4.1 Unarmed Combat
 + Level 2.1 Evocations
 * Level 4.6 Shapeshifting


You had 6 spell levels left.
You didn't know any spells.
Your spell library contained the following spells:

 Spells                   Type           Power      Damage    Failure   Level
 Foxfire                  Conj/Fire      0%         2x1d4     36%         1
 Summon Small Mammal      Summ           0%         N/A       36%         1
 Call Canine Familiar     Summ           0%         N/A       73%         3
 Ignite Poison            Fire/Tmut/Pois 0%         N/A       73%         3
 Summon Guardian Golem    Hex/Summ       0%         N/A       73%         3
 Sticky Flame             Conj/Fire      0%         2d3       98%         4
 Plasma Beam              Fire/Air       0%         2x1d10    100%        6
 Starburst                Conj/Fire      0%         6d3       100%        6
 Ignition                 Fire           0%         3d3       100%        8


Dungeon Overview and Level Annotations

Branches:
Dungeon (6/15)             Temple (0/1) D:4

Altars:
Cheibriados
Gozag

Shops:
D:4 :   D:5 [

Annotations:
D:5 1 runed translucent door, Lobster4's ghost, novice MfIE
D:6 Edmund


Innate Abilities, Weirdness & Mutations

You are a hulking beast.
Your limbs bulge with bestial killing power. (Slay +2)
You cannot wear most types of armour.
You are amphibious.
You can wear up to eight rings at the same time.
Your skin changes colour to match your surroundings (Stealth+).
Your rubbery body absorbs attacks. (AC +1, EV +1)
((You are camouflaged when in or above water. (Stealth+)))
You have tentacles for arms and can constrict up to eight enemies at once.
One of your tentacles bears a spike.
Your spells are a little harder to cast, but a little more powerful.


Message History

The puff of flame hits Edmund.
Edmund is lightly wounded.
Aiming: Throw Flame
Press: ? - help, Shift-Dir - straight line, f/p - Edmund
Aim: Edmund, wielding a +1 dire flail of venom, wearing a +0 leather armour and carrying a wand of paralysis (lightly wounded, 71% to hit)
The puff of flame hits Edmund.
Edmund is moderately wounded.
Aiming: Throw Flame
Press: ? - help, Shift-Dir - straight line, f/p - Edmund
Aim: Edmund, wielding a +1 dire flail of venom, wearing a +0 leather armour and carrying a wand of paralysis (moderately wounded, 71% to hit)
The puff of flame misses Edmund.
You tentacle-slap Edmund. You grab Edmund.
Edmund is moderately wounded.
You constrict Edmund.
Edmund gestures with his flail.
Edmund hits you with a +1 dire flail of venom.
You are poisoned.
You bludgeon Edmund! You tentacle-slap Edmund.
Edmund is severely wounded.
You constrict Edmund.
You feel very sick.
Edmund zaps a wand.
You suddenly lose the ability to move!
You lose your grip on Edmund.
You feel sick.
Edmund hits you with a +1 dire flail of venom!
You feel sick. Edmund barely misses you.
You feel sick.
Edmund hits you with a +1 dire flail of venom!
* * * LOW HITPOINT WARNING * * *
You are lethally poisoned!
You can move again.
It was a potion of attraction.
You feel attractive to monsters.
* * * LOW HITPOINT WARNING * * *
You feel very sick. Edmund misses you.
It was a potion of mutation.
You feel extremely strange.
You feel less in control of your magic.
One of your lower tentacles grows a sharp spike.
You die...

#.....## #
#.#...#
###.###
#.#...#### ...
#........#
#... ........#
#. #
##.......## #>
#..........
#.##....@.....
#..#@######...
#..h####
#########
###>...#
........#
####.#
#######.# #.#
......#.# #.#
...<#.#.# #.#
#####.#.# #.#
......#.# #)#
#######.# #.#


You could see Edmund.

Vanquished Creatures
  3 scorpions
  A howler monkey (D:6)
  5 hounds (D:5)
  3 jellies
  An orc priest (D:6)
  2 sleepcaps
  2 orc wizards (D:5)
  4 adders
  A white imp (D:6)
  A worm (D:2)
  A dart slug (D:3)
  10 orcs
  7 endoplasms
  3 giant cockroaches
  10 goblins
  7 hobgoblins
  6 jackals
  3 quokkas
  3 ball pythons
  8 bats
  7 frilled lizards
  10 kobolds
  7 rats
105 creatures vanquished.

Notes
Turn   | Place    | Note
-------+----------+-------------------------------------------
     0 | D:1      | BlueFish the Octopode Shapeshifter began the quest for the
                  | Orb.
     0 | D:1      | Reached XP level 1. HP: 13/13 MP: 1/1
   102 | D:1      | Reached skill level 1 in Stealth
   170 | D:1      | Reached XP level 2. HP: 18/18 MP: 2/2
   268 | D:1      | Reached skill level 2 in Stealth
   313 | D:1      | Reached XP level 3. HP: 22/23 MP: 3/3
  1054 | D:2      | Found a faded altar of an unknown god.
  1148 | D:2      | Reached skill level 3 in Stealth
  1331 | D:2      | Reached XP level 4. HP: 24/28 MP: 4/4
  1337 | D:2      | Found a snail-covered altar of Cheibriados.
  1982 | D:3      | Reached XP level 5. HP: 34/34 MP: 5/5
  2333 | D:4      | Found Hogh's Self-Published Books.
  2887 | D:4      | Found a staircase to the Ecumenical Temple.
  3050 | D:5      | Entered Level 5 of the Dungeon
  3076 | D:5      | Reached skill level 4 in Stealth
  3175 | D:5      | Reached XP level 6. HP: 40/40 MP: 6/6
  3230 | D:5      | Reached skill level 1 in Evocations
  3291 | D:5      | Found a runed translucent door.
  3299 | D:5      | Noticed Lobster4's ghost (novice MfIE)
  3356 | D:5      | Reached skill level 5 in Stealth
  3536 | D:5      | Reached XP level 7. HP: 35/45 MP: 7/7
  3793 | D:5      | Found Qookuas's Armour Emporium.
  3796 | D:5      | Bought a +0 buckler for 49 gold pieces
  4137 | D:6      | Reached skill level 1 in Shields
  4146 | D:6      | Found an opulent altar of Gozag.
  4175 | D:6      | Noticed Edmund
  4339 | D:6      | Paralysed by Edmund for 2 turns
  4373 | D:6      | Paralysed by Edmund for 3 turns
  4377 | D:6      | HP: 2/46 [poisoned by Edmund]
  4378 | D:6      | Gained mutation: Your spells are a little harder to cast,
                  | but a little more powerful. [potion of mutation]
  4378 | D:6      | Gained mutation: One of your tentacles bears a spike.
                  | [potion of mutation]
  4378 | D:6      | Succumbed to Edmund's poison

Illustrated notes

Levels and vault maps discovered:
D:1:      elethiomel_arrival_quiet, layout_basic
D:2:      layout_loops_corners, serial_rivers, chequers_serial_rivers_room_a,
          chequers_serial_rivers_micro_b, chequers_serial_rivers_small_3,
          chequers_serial_rivers_large_b, chequers_serial_rivers_small_3,
          chequers_ecumenical_altar_simple, basic_altar
D:3:      layout_basic, hangedman_decor_opposing, grunt_ministairs_1
D:4:      layout_loops_ring, lemuel_temple_firewalk_b, nicolae_custom_books
D:5:      layout_rooms, ebering_ghost_sewer_d, serial_shops,
          nicolae_shop_hallway_stairs, minivault_23
D:6:      layout_basic, old_standard_altar, ebering_ghost_inner_flame,
          uniq_edmund

Skill      XL: |  1  2  3  4  5  6  7 |
---------------+----------------------+-----
Stealth        | 1 2 3 4 5 |  5.7
Fighting       | 2 3 |  3.0
Dodging        | 3 |  3.5
Evocations     | 1 2 |  2.1
Shapeshifting  | 4 |  4.6
Unarmed Combat | 4 |  4.1
Shields        | 1 |  1.2

Action                     |  1- 3 |  4- 6 |  7- 9 || total
---------------------------+-------+-------+-------++-------
  Melee: Unarmed           |    74 |    64 |    41 ||   179
         Constrict         |    14 |    17 |    15 ||    46
         Tentacles         |     9 |    14 |    13 ||    36
         Punch             |       |     3 |     1 ||     4
  Evoke: Wand              |       |       |     4 ||     4
    Use: Scroll            |       |     1 |       ||     1
         Potion            |       |       |     2 ||     2
   Stab: Sleeping          |    14 |     6 |     2 ||    22
 Armour: Skin              |    27 |    16 |    18 ||    61
  Dodge: Dodged            |    20 |    27 |    19 ||    66
  Block: Buckler           |       |       |     4 ||     4

Table legend: (Time is in decaauts)
 A = Elapsed time spent in this place.
 B = Non-inter-level travel time spent in this place.
 C = Inter-level travel time spent in this place.
 D = Time resting spent in this place.
 E = Time spent auto-exploring this place.
 F = Levels seen in this place.
 G = Mean time per level.
                   A        B        C        D        E       F      G
               +--------+--------+--------+--------+--------+-----+--------+
         Total |   4366 |   4134 |    232 |    106 |   3108 |   6 |  727.7 |
       Dungeon |   4366 |   4134 |    232 |    106 |   3108 |   6 |  727.7 |
               +--------+--------+--------+--------+--------+-----+--------+

Top non-repeatable levels by time:
     D:2: 1089 daAuts
     D:5: 941 daAuts
     D:4: 760 daAuts
     D:1: 632 daAuts
     D:3: 559 daAuts
     D:6: 383 daAuts
